 Dungeon Crawl Stone Soup version 0.26-b1-32-g5d43845318 (webtiles) character file.

Game seed: 10889306931415187245

224 jmlagarto the Skirmisher (level 6, -4/66 HPs)
             Began as an Ogre Berserker on Jan 12, 2021.
             Was a Priest of Trog.
             Slain by a gnoll
             ... wielding a +0 halberd
              (8 damage)
             ... on level 3 of the Dungeon.
             The game lasted 00:05:55 (3978 turns).

jmlagarto the Skirmisher (Ogre Berserker)           Turns: 3978, Time: 00:05:56

Health: -4/66      AC:  3    Str: 24    XL:     6   Next: 0%
Magic:  6/6        EV:  5    Int:  8    God:    Trog [***...]
Gold:   74         SH:  0    Dex:  8    Spells: 5/5 levels left

rFire    . . .     SeeInvis .   a - +1 hand axe
rCold    + . .     Faith    .   (no shield)
rNeg     . . .     Spirit   .   b - +0 animal skin
rPois    .         Reflect  .   (helmet restricted)
rElec    .         Harm     .   (no cloak)
rCorr    .         Rampage  .   (gloves unavailable)
Will     .....                  (boots unavailable)
Stlth    +.........             (no amulet)
HPRegen  0.21/turn              l - ring of protection from cold
MPRegen  0.10/turn              (no ring)

@: held
A: large, unfitting armour, tough skin 1
a: Renounce Religion, Berserk, Trog's Hand


You were on level 3 of the Dungeon.
You worshipped Trog.
Trog was most pleased with you.
You visited 1 branch of the dungeon, and saw 3 of its levels.

You collected 74 gold pieces.

Inventory:

Hand Weapons
 a - a +1 hand axe (weapon)
Missiles
 h - 16 boomerangs
Armour
 b - a +0 animal skin (worn)
Jewellery
 l - a ring of protection from cold (left hand)
Scrolls
 c - a scroll of blinking {unknown}
 d - 2 scrolls of fear {unknown}
 e - 2 scrolls of teleportation
 f - 2 scrolls of enchant weapon
 g - 2 scrolls of immolation {unknown}
 i - a scroll of magic mapping
 j - a scroll of fog {unknown}
 k - 2 scrolls of identify {unknown}


   Skills:
 + Level 5.5 Fighting
 + Level 4.8 Axes
 + Level 3.7 Dodging
 + Level 0.6 Stealth


You had 5 spell levels left.
You didn't know any spells.
Your spell library was empty.

Dungeon Overview and Level Annotations

Branches:
Dungeon (3/15)

Altars:
Ashenzari
Elyvilon
Okawaru
Vehumet
Yredelemnul


Innate Abilities, Weirdness & Mutations

You are too large for most types of armour.
You have tough skin. (AC +1)


Message History

The gnoll misses you.
You hit the gnoll.
The gnoll is severely wounded.
The gnoll closely misses you.
You hit the gnoll.
The gnoll is almost dead.
The gnoll hits you from afar with a +0 halberd.
The gnoll throws a throwing net.
The throwing net hits you.
You become entangled in the net!
The gnoll hits you with a +0 flail!
You struggle against the net.
The gnoll completely misses you. The gnoll hits you with a +0 flail.
* * * LOW HITPOINT WARNING * * *
You struggle against the net.
The gnoll hits you with a +0 whip.
* * * LOW HITPOINT WARNING * * *
The gnoll barely misses you.
You tear a large gash into the net.
The gnoll hits you with a +0 flail!
* * * LOW HITPOINT WARNING * * *
The gnoll barely misses you.
The gnoll hits you from afar with a +0 halberd!
You die...

#.. #....# #.#
#....# #.# #....#
#.#####....######
.....#..........#
................#
..############..##
..# #...# ..## #
#.g@# ...###.#
###g# .......#
#....g# .......#
#.....# ...###.#
#.###.# >....# # #
#.# .....# #.#
.....### ..#
......... .##


You could see 3 gnolls.

Vanquished Creatures
  Robin (D:2)
  4 gnolls (D:3)
  8 adders
  2 oozes (D:3)
  A worm (D:2)
  4 dart slugs
  A leopard gecko (D:2)
  2 orcs (D:3)
  3 giant cockroaches
  14 goblins
  8 hobgoblins
  6 jackals
  4 kobolds
  A quokka (D:3)
  10 bats
  4 frilled lizards
  8 rats
81 creatures vanquished.

Notes
Turn   | Place    | Note
-------+----------+-------------------------------------------
     0 | D:1      | jmlagarto the Ogre Berserker began the quest for the Orb.
     0 | D:1      | Reached XP level 1. HP: 24/24 MP: 1/1
   215 | D:1      | Reached XP level 2. HP: 31/32 MP: 2/2
   489 | D:1      | Reached ** piety under Trog
   657 | D:1      | Reached XP level 3. HP: 37/40 MP: 3/3
  1070 | D:2      | Found a broken altar of Ashenzari.
  1541 | D:2      | Reached XP level 4. HP: 47/49 MP: 4/4
  2090 | D:2      | Found a white marble altar of Elyvilon.
  2146 | D:2      | Found a basalt altar of Yredelemnul.
  2201 | D:2      | Noticed Robin
  2227 | D:2      | Killed Robin
  2236 | D:2      | Reached skill level 5 in Fighting
  2240 | D:2      | Reached XP level 5. HP: 13/57 MP: 5/5
  2495 | D:2      | Found a radiant altar of Vehumet.
  2540 | D:2      | Reached *** piety under Trog
  3402 | D:3      | Found an iron altar of Okawaru.
  3694 | D:3      | Reached XP level 6. HP: 9/66 MP: 6/6
  3978 | D:3      | Slain by a gnoll

Illustrated notes

Levels and vault maps discovered:
D:1:      scummos_arrival_simple_fountains, layout_loops_ring
D:2:      layout_loops_cross, kennysheep_ying_yang, vehumet_crystals,
          minmay_fountain_box, nicolae_ashenzari_panopticon, uniq_robin
D:3:      layout_rooms, lemuel_doored_altar, bh_walls_and_bars

Skill      XL: |  1  2  3  4 |
---------------+-------------+-----
Dodging        | 3 |  3.7
Axes           | 4 |  4.8
Fighting       | 5 |  5.5
Stealth        | |  0.6

Action                   |  1- 3 |  4- 6 || total
-------------------------+-------+-------++-------
Melee: Hand axe          |   103 |   176 ||   279
  Use: Scroll            |     3 |     1 ||     4
       Potion            |       |     2 ||     2
Armor: Animal skin       |    38 |    48 ||    86
Dodge: Dodged            |    71 |   101 ||   172
